Map: King's Cove LE

Players

avilo

  • Race: Terran Terran
  • League: Master
  • Spawn Location: 11:00

zeeeeeeeeerg - Winner!

  • Race: Zerg Zerg
  • League: Master
  • Spawn Location: 5:00

VOD

Have the link to the VOD?

Description

boom memes vs avilo memes

Time

  • Played on: March 16, 2019, 6 a.m.
  • Length: 12:29
Show
View Real Time Build Order
Export as new Build Order

avilo Terran 

Build Orders: 1/1/1, Mech 

Get SALT Encoding   

  12  0:01  SCV  
  13  0:13  SCV  
  14  0:18  Supply Depot  
  14  0:25  SCV  
  15  0:32  Refinery  
  15  0:40  SCV  
  16  0:46  Barracks  
  16  0:52  SCV  
  17  1:04  SCV  
  18  1:16  SCV  
  19  1:34  Orbital Command  
  19  1:41  Factory  
  19  1:44  Refinery  
  19  1:49  Supply Depot  
  19  1:52  Barracks Reactor  
  19  2:00  SCV  
  20  2:15  Bunker  
  20  2:18  SCV  
  21  2:26  Starport  
  21  2:27  Factory Tech Lab  
  21  2:28  Marine  
  21  2:29  Marine  
  23  2:31  SCV  
  24  2:43  SCV  
  25  2:47  Marine x2  
  25  2:50  Siege Tank  
  29  2:55  SCV  
  30  2:59  Supply Depot  
  30  3:07  SCV  
  31  3:21  Viking  
  31  3:22  Marine x2  
  35  3:35  Siege Tank  
  38  3:43  Marine  
  38  3:48  Supply Depot  
  39  4:09  Marine  
  41  4:10  SCV  
  41  4:20  Marine  
  41  4:22  SCV  
  43  4:25  Factory Tech Lab  
  43  4:27  Marine  
  43  4:29  Command Center  
  44  4:31  Bunker  
  44  4:36  SCV  
  45  4:41  Raven  
  47  5:07  Supply Depot  
  47  5:17  Supply Depot x2  
  47  5:18  Siege Tank, SCV  
  53  5:31  SCV  
  52  5:39  Starport  
  52  5:40  Viking  
  54  5:44  SCV  
  54  5:48  Refinery  
  55  5:53  Barracks Reactor  
  55  5:58  Refinery  
  55  6:01  Orbital Command  
  55  6:02  SCV  
  56  6:17  Armory, SCV  
  57  6:27  SCV  
  58  6:34  SCV  
  58  6:35  Siege Tank  
  58  6:36  Viking  
  58  6:39  SCV  
  65  6:46  SCV  
  66  6:51  SCV  
  67  7:06  SCV x2  
  67  7:08  Viking x4  
  75  7:09  Smart Servos  
  77  7:18  SCV x2  
  79  7:25  Terran Vehicle Weapons Level 1  
  79  7:30  SCV x2  
  81  7:39  Factory  
  80  7:45  SCV x2  
  82  7:52  Command Center  
  82  7:56  Factory  
  82  7:57  SCV x2  
  84  8:04  Viking x2  
  84  8:05  Viking  
  75  8:31  Siege Tank, Viking  
  69  8:34  Viking  
  67  8:44  Factory Tech Lab  
  67  8:47  SCV x2  
  69  8:49  Engineering Bay  
  69  8:57  Command Center, Barracks Reactor  
  69  8:58  Factory  
  69  8:59  SCV x2  
  69  9:01  Factory  
  71  9:11  SCV  
  71  9:12  Supply Depot  
  71  9:14  SCV  
  71  9:15  Factory  
  73  9:17  Missile Turret  
  73  9:18  Missile Turret  
  73  9:22  Sensor Tower  
  73  9:23  SCV  
  74  9:27  Siege Tank  
  74  9:29  Hellion x2  
  81  9:38  Orbital Command  
  81  9:39  SCV x2  
  83  9:45  Refinery  
  83  9:46  Refinery  
  83  9:49  Factory Tech Lab  
  83  9:50  Factory Tech Lab  
  83  9:53  SCV  
  83  9:54  SCV, Supply Depot x2  
  83  9:59  Supply Depot  
  85  10:01  Widow Mine x2  
  85  10:02  Drilling Claws  
  85  10:05  Siege Tank x2  
  95  10:07  SCV x2  
  95  10:08  SCV  
  98  10:23  Siege Tank x2  
  98  10:24  Hellion x3  
  98  10:26  SCV x3  
  113  10:29  Missile Turret  
  113  10:36  Supply Depot  
  113  10:39  Infernal Pre-Igniter  
  113  10:47  Siege Tank x2  
  115  10:51  SCV x3  
  115  10:56  Armory  
  118  11:00  Engineering Bay  
  118  11:03  SCV x3  
  121  11:15  SCV  
  113  11:28  Siege Tank x4  
  113  11:29  Widow Mine x2  
  64  11:55  Hellion x4  
  64  12:00  Hellion  
Show
View Real Time Build Order
Export as new Build Order

zeeeeeeeeerg Zerg - Winner!

Build Orders: Pool First, Roach Hydra 

Get SALT Encoding   

  12  0:00  Drone  
  13  0:11  Drone  
  14  0:26  Extractor  
  13  0:29  Spawning Pool  
  13  0:31  Drone  
  13  0:36  Drone  
  14  0:45  Overlord  
  14  1:04  Drone x3  
  17  1:16  Queen  
  17  1:17  Drone  
  20  1:32  Drone  
  21  1:44  Hatchery  
  21  1:45  Roach Warren  
  21  1:47  Overlord  
  20  2:03  Burrow  
  20  2:25  Roach x3  
  20  2:26  Roach x2  
  30  2:31  Extractor  
  30  2:32  Spore Crawler  
  30  2:51  Hatchery  
  29  3:10  Overlord  
  29  3:15  Hatchery  
  28  3:20  Queen  
  30  3:38  Drone x3  
  33  3:51  Drone  
  34  4:02  Overlord  
  34  4:03  Overlord  
  34  4:04  Drone x2  
  34  4:16  Drone x2  
  34  4:23  Queen x2  
  38  4:25  Overlord  
  38  4:28  Drone  
  38  4:29  Drone  
  40  4:32  Drone  
  40  4:33  Drone  
  40  4:36  Drone  
  40  4:37  Drone  
  44  4:40  Drone  
  44  4:41  Drone  
  44  4:44  Drone  
  47  4:46  Drone  
  47  4:52  Drone x3  
  51  4:55  Drone  
  52  5:08  Drone x8  
  52  5:10  Drone  
  61  5:14  Drone  
  61  5:15  Drone  
  61  5:20  Drone  
  64  5:23  Extractor  
  64  5:24  Extractor  
  64  5:28  Drone x3  
  65  5:30  Extractor  
  65  5:35  Spore Crawler  
  63  5:36  Spore Crawler  
  63  5:40  Drone, Spore Crawler  
  63  5:41  Drone x4  
  63  5:42  Overlord  
  66  5:43  Overlord x2  
  66  5:50  Overlord x2  
  66  6:00  Lair  
  66  6:02  Drone x2  
  66  6:03  Drone x5  
  73  6:05  Extractor  
  73  6:08  Metabolic Boost  
  73  6:10  Drone x3  
  75  6:22  Drone x3  
  75  6:23  Drone x4  
  82  6:27  Extractor  
  81  6:34  Hatchery  
  81  6:39  Overlord x5  
  80  6:40  Overlord  
  80  6:45  Evolution Chamber  
  79  6:48  Evolution Chamber  
  78  6:57  Overlord  
  78  7:12  Zerg Missile Weapons Level 1  
  78  7:15  Roach  
  78  7:16  Hydralisk Den, Zerg Ground Armor Level 1  
  78  7:18  Roach  
  78  7:19  Glial Reconstitution  
  78  7:21  Roach x14  
  78  7:22  Roach  
  103  7:45  Roach x13  
  129  8:00  Hydralisk  
  129  8:01  Hydralisk x3  
  133  8:08  Hydralisk x6  
  133  8:09  Hydralisk  
  133  8:20  Roach x3  
  133  8:24  Roach  
  119  8:28  Hydralisk  
  119  8:29  Hydralisk  
  111  8:35  Muscular Augments  
  111  8:42  Hydralisk x4  
  111  8:46  Drone x9  
  128  8:56  Ravager x2  
  128  8:57  Ravager  
  128  9:00  Overseer  
  131  9:05  Extractor  
  131  9:06  Extractor  
  131  9:08  Roach x5  
  131  9:09  Roach  
  141  9:10  Roach  
  143  9:19  Zerg Melee Weapons Level 1  
  143  9:21  Zergling x14  
  143  9:22  Zergling x6  
  153  9:27  Zerg Missile Weapons Level 2  
  153  9:36  Roach x7  
  167  9:46  Grooved Spines  
  167  9:47  Overlord x5  
  167  10:09  Roach x11  
  167  10:10  Roach x5  
  138  11:34  Roach x7  
  138  11:35  Roach x20  
  163  11:48  Roach x8  
  173  11:58  Roach x6  
  173  11:59  Roach x2  
  190  12:25  Ravager x4  
  190  12:26  Ravager x2  
Tags
 
Add a new tag
Caveats
  • Supply blocks, unpowered buildings, or Contaminate may cause inaccurate times.
  • Supply counts are checked every 10 seconds.